 Dungeon Crawl Stone Soup version 0.25-a0-890-g62861fb (webtiles) character file.

Game seed: 3460224763483322280, levelgen mode: deterministic

102 robertstho the Charmwright (level 4, -3/38 HPs)
             Began as a Gnoll Skald on May 5, 2020.
             Slain by Sigmund
             ... wielding a +2 scythe of venom
              (6 damage)
             ... on level 2 of the Dungeon.
             The game lasted 00:03:27 (1515 turns).

robertstho the Charmwright (Gnoll Skald)            Turns: 1515, Time: 00:03:27

Health: -3/38      AC:  5    Str: 14    XL:     4   Next: 78%
Magic:  1/11       EV: 14    Int: 16    God:
Gold:   132        SH:  0    Dex: 14    Spells: 2/13 levels left

rFire    . . .     SeeInvis .   a - +0 spear
rCold    . . .     Gourm    .   (no shield)
rNeg     . . .     Faith    .   b - +0 leather armour
rPois    .         Spirit   .   f - +1 helmet
rElec    .         Reflect  .   (no cloak)
rCorr    .         Harm     .   (no gloves)
MR       .....                  (no boots)
Stlth    ++........             (no amulet)
HPRegen  0.12/turn              (no ring)
MPRegen  0.12/turn              (no ring)

@: lethally poisoned (-3 -> -13), infused, stab
A: distributed training, fangs 1, strong nose
a: no special abilities


You were on level 2 of the Dungeon.
You were not hungry.

You visited 1 branch of the dungeon, and saw 2 of its levels.

You collected 132 gold pieces.

Inventory:

Hand Weapons
 a - a +0 spear (weapon)
Armour
 b - a +0 leather armour (worn)
 f - a +1 helmet (worn)
Jewellery
 j - a cursed -2 ring of strength {unknown}
Wands
 p - a wand of iceblast (8)
Scrolls
 c - 3 scrolls of amnesia {unknown}
 g - a scroll of immolation {unknown}
 h - a scroll of fear {unknown}
 m - a scroll of fog {unknown}
 o - 3 scrolls of noise {unknown}
 q - 3 scrolls of identify {unknown}
 r - a scroll of remove curse {unknown}
Potions
 i - a potion of stabbing
 k - a potion of flight {unknown}
 l - a potion of mutation {unknown}
 n - a potion of brilliance {unknown}
Comestibles
 d - 4 rations


   Skills:
 + Level 4.7 Fighting
 + Level 1.2 Short Blades
 + Level 1.2 Long Blades
 + Level 1.2 Axes
 + Level 1.2 Maces & Flails
 + Level 4.7 Polearms
 + Level 1.2 Staves
 + Level 1.2 Slings
 + Level 1.2 Bows
 + Level 1.2 Crossbows
 + Level 1.2 Throwing
 + Level 2.8 Armour
 + Level 4.7 Dodging
 + Level 1.2 Stealth
 + Level 1.2 Shields
 + Level 1.2 Unarmed Combat
 + Level 5.1 Spellcasting
 + Level 1.0 Conjurations
 + Level 1.0 Hexes
 + Level 5.5 Charms
 + Level 1.0 Summonings
 + Level 1.0 Necromancy
 + Level 1.0 Translocations
 + Level 1.0 Transmutations
 + Level 1.0 Fire Magic
 + Level 1.0 Ice Magic
 + Level 1.0 Air Magic
 + Level 1.0 Earth Magic
 + Level 1.0 Poison Magic
 + Level 1.3 Invocations
 + Level 1.2 Evocations


You had 2 spell levels left.
You knew the following spells:

 Your Spells              Type           Power        Failure   Level  Hunger
a - Infusion              Chrm           ###.         1%          1    None
b - Song of Slaying       Chrm           ###.....     3%          2    #......
c - Shroud of Golubria    Chrm/Tloc      ##....       8%          2    #......
d - Ozocubu's Armour      Chrm/Ice       ##......     14%         3    ###....
e - Spectral Weapon       Hex/Chrm       ##......     14%         3    ###....

Your spell library contained the following spells:

 Spells                   Type           Power        Failure   Level  Hunger
 Animate Skeleton         Necr           N/A          12%         1    None
 Apportation              Tloc           #.....       12%         1    None
 Corona                   Hex            #......      12%         1    None
 Summon Small Mammal      Summ           #...         12%         1    None


Dungeon Overview and Level Annotations

Branches:
Dungeon (2/15)

Altars:

Annotations:
D:2 Sigmund


Innate Abilities, Weirdness & Mutations

Your experience applies equally to all skills.
You have very sharp teeth.
Your uncanny sense of smell can sniff out nearby items.


Message History

Press: ? - help, Dir - move target cursor You could not reach far enough!
* * * LOW HITPOINT WARNING * * *
You feel sick. Something hits you.
* * * LOW HITPOINT WARNING * * *
You are more poisoned.
You feel better.
You feel better. Something hits you!
* * * LOW HITPOINT WARNING * * *
You are lethally poisoned!
Your icy armour cracks and falls away as you move.
* * * LOW HITPOINT WARNING * * *
You feel sick.
* * * LOW HITPOINT WARNING * * *
You feel sick.
It was a potion of stabbing.
You feel ready to backstab.
Your spectral weapon fades away.
Something hits you.
You die...

###
#.########
#.........
#.########
#@#
###'####
#......#
#......#
#......#
#......#
###.####
##.######
#.......#


There were no monsters in sight!

Vanquished Creatures
  3 adders (D:2)
  4 gnolls (D:2)
  A worm (D:2)
  3 dart slugs
  A leopard gecko (D:1)
  3 giant cockroaches
  A goblin (D:2)
  4 hobgoblins
  A kobold (D:1)
  A ball python (D:1)
  4 bats
  A frilled lizard (D:2)
  6 rats
33 creatures vanquished.

Notes
Turn   | Place    | Note
-------+----------+-------------------------------------------
     0 | D:1      | robertstho the Gnoll Skald began the quest for the Orb.
     0 | D:1      | Reached XP level 1. HP: 20/20 MP: 6/6
   135 | D:1      | Reached XP level 2. HP: 23/26 MP: 7/7
   666 | D:2      | Reached skill level 5 in Spellcasting
   666 | D:2      | Reached XP level 3. HP: 31/31 MP: 7/9
   780 | D:2      | Reached skill level 1 in Invocations
   799 | D:2      | Reached skill level 1 in Short Blades
   799 | D:2      | Reached skill level 1 in Long Blades
   799 | D:2      | Reached skill level 1 in Axes
   799 | D:2      | Reached skill level 1 in Maces & Flails
   799 | D:2      | Reached skill level 1 in Staves
   799 | D:2      | Reached skill level 1 in Slings
   799 | D:2      | Reached skill level 1 in Bows
   799 | D:2      | Reached skill level 1 in Crossbows
   799 | D:2      | Reached skill level 1 in Throwing
   799 | D:2      | Reached skill level 1 in Stealth
   799 | D:2      | Reached skill level 1 in Shields
   799 | D:2      | Reached skill level 1 in Unarmed Combat
   799 | D:2      | Reached skill level 1 in Evocations
   827 | D:2      | Reached XP level 4. HP: 14/38 MP: 4/11
  1022 | D:1      | Learned a level 2 spell: Song of Slaying
  1025 | D:1      | Learned a level 2 spell: Shroud of Golubria
  1029 | D:1      | Learned a level 3 spell: Ozocubu's Armour
  1033 | D:1      | Learned a level 3 spell: Spectral Weapon
  1150 | D:2      | Reached skill level 1 in Conjurations
  1150 | D:2      | Reached skill level 1 in Hexes
  1150 | D:2      | Reached skill level 1 in Summonings
  1150 | D:2      | Reached skill level 1 in Necromancy
  1150 | D:2      | Reached skill level 1 in Translocations
  1150 | D:2      | Reached skill level 1 in Transmutations
  1150 | D:2      | Reached skill level 1 in Fire Magic
  1150 | D:2      | Reached skill level 1 in Ice Magic
  1150 | D:2      | Reached skill level 1 in Air Magic
  1150 | D:2      | Reached skill level 1 in Earth Magic
  1150 | D:2      | Reached skill level 1 in Poison Magic
  1487 | D:2      | Noticed Sigmund
  1515 | D:2      | Slain by Sigmund

Levels and vault maps discovered:
D:1:      eino_arrival_cavern_d, layout_loops_cross, serial_park_tiny_2,
          grunt_decor_mini_mirrors, minmay_tetromino_o2
D:2:      layout_basic, st_stairs_1, uniq_sigmund

Skill      XL: |  1  2  3  4 |
---------------+-------------+-----
Spellcasting   | 5 |  5.1
Invocations    | 1 |  1.3
Short Blades   | 1 |  1.2
Long Blades    | 1 |  1.2
Axes           | 1 |  1.2
Maces & Flails | 1 |  1.2
Staves         | 1 |  1.2
Slings         | 1 |  1.2
Bows           | 1 |  1.2
Crossbows      | 1 |  1.2
Throwing       | 1 |  1.2
Stealth        | 1 |  1.2
Shields        | 1 |  1.2
Unarmed Combat | 1 |  1.2
Evocations     | 1 |  1.2
Conjurations   | 1 |  1.0
Hexes          | 1 |  1.0
Summonings     | 1 |  1.0
Necromancy     | 1 |  1.0
Translocations | 1 |  1.0
Transmutations | 1 |  1.0
Fire Magic     | 1 |  1.0
Ice Magic      | 1 |  1.0
Air Magic      | 1 |  1.0
Earth Magic    | 1 |  1.0
Poison Magic   | 1 |  1.0
Fighting       | |  4.7
Polearms       | |  4.7
Armour         | |  2.8
Dodging        | |  4.7
Charms         | |  5.5

Action                   |  1- 3 |  4- 6 || total
-------------------------+-------+-------++-------
Melee: Spear             |    96 |    29 ||   125
       Bite              |    10 |     1 ||    11
 Cast: Infusion          |     1 |     2 ||     3
       Ozocubu's Armour  |       |     2 ||     2
       Spectral Weapon   |       |     2 ||     2
       Song of Slaying   |       |     1 ||     1
  Use: Potion            |       |     5 ||     5
 Stab: Sleeping          |     2 |     1 ||     3
  Eat: Chunk             |       |     2 ||     2
Armor: Leather armour    |    15 |     6 ||    21
Dodge: Dodged            |    51 |    22 ||    73

Table legend:
 A = Non-vault XP
 B = Vault XP
 C = Vault XP percentage of total XP
 D = Non-vault monster count
 E = Vault monster count
 F = Vault count percentage of total count
                 A         B        C        D         E       F
            +---------+---------+-------+---------+---------+-------
      Total |     126 |      21 |  14.3 |      28 |       5 |  15.2
            +---------+---------+-------+---------+---------+-------
        D:1 |      22 |       2 |   8.3 |      11 |       2 |  15.4
        D:2 |     104 |      19 |  15.4 |      17 |       3 |  15.0
            +---------+---------+-------+---------+---------+-------
